 Dungeon Crawl Stone Soup version 0.29-a0-243-g602b31c20e (webtiles) character file.

Game seed: 14919606315948154249

1092 spaghetti the Fighter (level 8, -1/62 HPs)
             Began as a Demonspawn Chaos Knight on Mar 5, 2022.
             Was a Plaything of Xom.
             Slain by a hornet (11 damage)
             ... while paralysed by a hornet
             ... on level 5 of the Dungeon.
             The game lasted 00:06:55 (5850 turns).

spaghetti the Fighter (Demonspawn Chaos Knight)     Turns: 5850, Time: 00:06:55

Health: -1/62      AC: 12    Str: 11    XL:     8   Next: 9%
Magic:  8/8        EV:  2    Int: 18    God:    Xom [....*.]
Gold:   1046       SH:  0    Dex: 10    Spells: 7/7 levels left

rFire   . . .      SeeInvis .   k - +4 dagger (venom) {short}
rCold   . . .      Faith    .   (no shield)
rNeg    . . .      Spirit   .   a - +3 leather armour
rPois   .          Reflect  .   (no helmet)
rElec   .          Harm     .   (no cloak)
rCorr   .          Rampage  .   (no gloves)
Will    +....                   (no boots)
Stlth   +.........              (no amulet)
HPRegen 0.20/turn               o - +4 ring of protection
MPRegen 0.22/turn               (no ring)

@: paralysed, lethally poisoned (-1 -> -8), slowed, unable to read
A: thin metallic scales 1, ignite blood 1, magic regeneration, demonic touch 1,
clever 1, clumsy 1, frail 1, strong-willed 1, weak 1, wild magic 1, inability to
read while threatened
a: Renounce Religion


You were on level 5 of the Dungeon.
You worshipped Xom.
You were a beloved toy of Xom.
You visited 1 branch of the dungeon, and saw 5 of its levels.

You collected 1046 gold pieces.


Innate Abilities, Weirdness & Mutations

You are partially covered in thin metallic scales. (AC +2)
Your demonic aura sometimes causes spilled blood to erupt in flames.
You regenerate magic rapidly.
Your touch may inflict minor irresistible damage on your foes.
Your mind is acute. (Int +2)
You are clumsy. (Dex -2)
You are frail. (-10% HP)
You are strong-willed. (Will+)
You are weak. (Str -2)
Your spells are a little harder to cast, but a little more powerful.
You sometimes lose the ability to read scrolls when taking damage.


   Skills:
 + Level 8.5 Fighting
 - Level 1.7 Armour
 - Level 0.8 Dodging
 - Level 5.5 Unarmed Combat


You had 7 spell levels left.
You didn't know any spells.
Your spell library contained the following spells:

 Spells                   Type           Power      Damage    Failure   Level
 Animate Skeleton         Necr           0%         N/A       36%         1
 Pain                     Necr           0%         1d4       36%         1
 Vampiric Draining        Necr           0%         2d6       73%         3
 Agony                    Necr           0%         N/A       100%        5
 Excruciating Wounds      Necr           0%         N/A       100%        5

Inventory:

Hand Weapons
 c - a +1 dagger of electrocution {short}
   (You took it off an orc on level 3 of the Dungeon)
 d - a +2 dagger of freezing {short}
   (You took it off an orc priest on level 5 of the Dungeon)
 f - a +0 broad axe {axe}
   (Xom gifted it to you on level 1 of the Dungeon)
 k - a +4 dagger of venom (weapon) {short}
   (You took it off a kobold on level 3 of the Dungeon)
 n - a +4 dagger of draining {short}
   (You took it off Dowan on level 4 of the Dungeon)
Missiles
 b - 216 stones (quivered) {throwing}
 j - 8 poisoned darts {throwing}
Armour
 a - a +3 leather armour (worn)
Jewellery
 h - a ring of fire
   (You found it on level 3 of the Dungeon)
 l - a ring of flight
   (You found it on level 3 of the Dungeon)
 o - a +4 ring of protection (left hand)
   (You found it on level 4 of the Dungeon)
Scrolls
 e - 2 scrolls of enchant weapon
 g - 2 scrolls of immolation {!r!r}
 i - a scroll of identify {@r1}
Potions
 m - a potion of attraction {!q}

Dungeon Overview and Level Annotations

Branches:
Dungeon (5/15)             Temple (0/1) D:5

Altars:
Elyvilon
Hepliaklqana
The Shining One

Annotations:
D:3 3 runed translucent doors, Bediveer's ghost, amateur HOMo

#### #..#######
###.........##
##..##........##
#.......#......##
######......#.......# .#.
#.#.#.......#..#....##
#....#.#..#.5...##........##
.......Y..#@.........##....#
..#....##oy........####....#
#S...cr..n..##..♣♣♣♣##.<...
#?.....##$..###.#♣..♣.......
.#..... #...# #.#♣..........
..#...# ##..# #.#♣._........
. .... ##.. #.#♣..........
..... .......♣..♣.....#.
......♣♣♣♣#....##


You could see a hornet (extremely poisoned, ally target), a necrophage, a
centaur, an orc wizard, a quokka and a friendly white imp (summoned).


Message History

You are too injured to fight recklessly!
You hit the jelly.
Your hands burn!
You touch the jelly.
You kill the jelly! 😮 HP[-4]
You now have 62 max hp (+1).
You take 4 damage, and now have 39/62 hp.
Okay, then.
You can read scrolls again.
You are no longer corroded.
Key pressed, stopping explore.
You now have 1033 gold pieces (gained 10).
Key pressed, stopping explore.
A hound comes into view.
The hound barks! 😎 HP[+23]
Your hp is fully restored (62).
A hound is nearby!
A hound is nearby!
You barely miss the hound.
You touch the hound.
You punch the hound, but do no damage. The hound bites you but does no damage.
The hound closely misses you.
You hit the hound.
The hound is poisoned.
Your touch misses the hound.
The hound is engulfed in blazing flames.
The hound bites you but does no damage.
You hit the hound.
The hound looks as sick as possible!
The hound is engulfed in blazing flames.
You kill the hound!
No target in view!
No target in view!
No target in view!
No target in view!
No target in view!
No target in view!
No target in view!
You now have 1046 gold pieces (gained 13).
An adder and a hornet come into view.
The adder hisses angrily.
The hornet buzzes angrily. "Hum-dee-hum-dee-hum..."
The adder suddenly stops moving!
You hear a shout!
You hear a bellow!
Unknown command.
A yak comes into view.
An orc wizard and a necrophage come into view.
The orc wizard is wielding a +1 dagger of venom.
The orc wizard shouts!
You hear a shout! x2
A centaur comes into view.
The hornet barely misses you.
The necrophage moves out of view.
Unknown command.
The centaur shouts!
You hit the hornet.
A quokka comes into view.
The hornet stings you but does no damage.
You barely miss the hornet. Your touch misses the hornet.
The hornet stings you!
You feel yourself slow down.
The hornet completely misses you. 😕 HP[-13]
You take 13 damage, and now have 49/62 hp.
MASSIVE DAMAGE!! (PAUSE)
You feel yourself speed up.
The centaur wields a +0 shortbow.
The centaur shoots an arrow.
The arrow hits you. The orc wizard casts a spell at you.
The puff of flame hits you!
You feel threatened and lose the ability to read scrolls!
The centaur shoots an arrow.
The arrow hits you. 😮 HP[-14]
You take 14 damage, and now have 35/62 hp.
MASSIVE DAMAGE!! (PAUSE) Unknown command.
You aren't carrying any items that you can evoke.
Unknown command.
Okay, then.
You cannot read scrolls in your current state!
You aren't carrying any items that you can evoke.
Okay, then.
You can read scrolls again.
You hit the hornet but do no damage.
The hornet is poisoned.
You touch the hornet.
The hornet stings you!
* * * LOW HITPOINT WARNING * * *
You are poisoned.
You feel yourself slow down. 😨 HP[-7]
You take 7 damage, and now have 28/62 hp.
Unknown command.
Unknown command.
Unknown command.
Unknown command.
You hit the hornet.
The hornet looks as sick as possible!
You feel very sick.
Xom opens a gate.
The hornet stings you.
* * * LOW HITPOINT WARNING * * *
You suddenly lose the ability to move!
The hornet stings you!
You feel threatened and lose the ability to read scrolls!
* * * LOW HITPOINT WARNING * * *
You feel as though you will be slow longer.
The hornet stings you!
You die...
Xom guffaws!

Skill      XL: |  1  2  3  4  5  6  7 |
---------------+----------------------+-----
Unarmed Combat | 3 4 5 |  5.5
Fighting       | 4 5 8 |  8.5
Armour         | |  1.7
Dodging        | |  0.8

Action                   |  1- 3 |  4- 6 |  7- 9 || total
-------------------------+-------+-------+-------++-------
Melee: Unarmed           |   130 |    43 |       ||   173
       Punch             |     2 |     1 |     4 ||     7
       Touch             |       |    26 |    19 ||    45
       Dagger            |       |    82 |    94 ||   176
Throw: Stone             |       |    10 |       ||    10
  Use: Potion            |     3 |     2 |     2 ||     7
       Scroll            |     5 |     1 |     4 ||    10
 Stab: Sleeping          |     2 |       |       ||     2
Armor: Leather armour    |    36 |    46 |    32 ||   114
       Skin              |     7 |     3 |       ||    10
Dodge: Dodged            |    89 |    69 |    31 ||   189

Levels and vault maps discovered:
D:1:      saegor_arrival_fortress, layout_basic, minmay_misc_feat_encased,
          nicolae_grassy_gnolls
D:2:      layout_rooms, serial_curves, eino_curves_03, eino_curves_02,
          eino_curves_03, eino_curves_04, small_statue_intersection,
          kennysheep_nub, uniq_terence
D:3:      layout_loops_ring, mainiacjoe_overflow_24_doors,
          gammafunk_ghost_split, nicolae_ecumenical_snake_handling
D:4:      layout_loops_ring, nicolae_hepliaklqana_monster_ancestors,
          uniq_duvessa
D:5:      cheibrodos_fzero, layout_cave_pools, mainiacjoe_overflow_alcove_1,
          grunt_gozag_statues, minmay_temple_entry_large_hall,
          kennysheep_small_circle

Notes
Turn   | Place    | Note
-------+----------+-------------------------------------------
     0 | D:1      | spaghetti the Demonspawn Chaos Knight began the quest for
                  | the Orb.
     0 | D:1      | Reached XP level 1. HP: 18/18 MP: 1/1
     0 | D:1      | magus.rc [v1.9.6]
    55 | D:1      | XOM: silly message
    61 | D:1      | XOM: potion effect (brilliance)
    61 | D:1      | HP: 3/18 [frozen (4)]
    71 | D:1      | Reached skill level 3 in Unarmed Combat
    76 | D:1      | HP: 3/18 [goblin/+0 club (1)]
   355 | D:1      | Gained mutation: You regenerate magic rapidly. [demonic
                  | ancestry]
   355 | D:1      | Reached XP level 2. HP: 24/24 MP: 2/2
   385 | D:1      | HP: 9/36 [gnoll/+0 spear (4)]
   731 | D:1      | XOM: give mutations
   731 | D:1      | Gained mutation: Your spells are a little harder to cast,
                  | but a little more powerful. [Xom's grace]
   731 | D:1      | Gained mutation: You expend magic power (3 MP) to
                  | strengthen your wands. [Xom's grace]
   731 | D:1      | Gained mutation: Your mind is acute. (Int +2) [Xom's grace]
   766 | D:1      | XOM: divination: magic mapping
   795 | D:1      | Reached XP level 3. HP: 28/29 MP: 3/3
   835 | D:1      | XOM: 2-stop teleportation journey
  1205 | D:1      | XOM: god gift: broad axe {god gift}
  1223 | D:1      | XOM: give mutation
  1223 | D:1      | Gained mutation: You are strong-willed. (Will+) [Xom's
                  | grace]
  1302 | D:1      | Reached skill level 4 in Unarmed Combat
  1403 | D:2      | XOM: cast spell 'Summon Dragon'
  1413 | D:2      | XOM: smoke on damage
  1978 | D:2      | XOM: give mutations
  1978 | D:2      | Gained mutation: You sometimes lose the ability to read
                  | scrolls when taking damage. [Xom's mischief]
  1978 | D:2      | Gained mutation: You are clumsy. (Dex -2) [Xom's mischief]
  1978 | D:2      | Gained mutation: You are frail. (-10% HP) [Xom's mischief]
  1978 | D:2      | Gained mutation: You are weak. (Str -2) [Xom's mischief]
  2003 | D:2      | XOM: summons 3 friendly demons
  2010 | D:2      | Gained mutation: Your touch may inflict minor irresistible
                  | damage on your foes. [demonic ancestry]
  2010 | D:2      | Reached XP level 4. HP: 31/31 MP: 4/4
  2020 | D:2      | Noticed Terence
  2027 | D:2      | Killed Terence
  2028 | D:2      | Reached skill level 5 in Unarmed Combat
  2491 | D:3      | Found a runed translucent gate.
  2491 | D:3      | Found a runed translucent gate.
  2493 | D:3      | Found a runed translucent gate.
  2493 | D:3      | Noticed Bediveer's ghost (amateur HOMo)
  2513 | D:3      | XOM: smoke on damage
  2516 | D:3      | HP: 5/31 [orc priest/+0 short sword (4)]
  2519 | D:3      | Reached XP level 5. HP: 8/36 MP: 5/5
  3075 | D:3      | You pick up a book of Pain and begin reading...
  3075 | D:3      | You add the spells Pain, Agony and Excruciating Wounds to
                  | your library.
  3359 | D:3      | Found a faded altar of an unknown god.
  3534 | D:4      | Noticed Duvessa
  3534 | D:4      | Noticed Dowan
  3537 | D:4      | XOM: summons 2 friendly demons
  3544 | D:4      | Killed Duvessa
  3545 | D:4      | Reached skill level 4 in Fighting
  3545 | D:4      | Gained mutation: Your demonic aura sometimes causes spilled
                  | blood to erupt in flames. [demonic ancestry]
  3545 | D:4      | Reached XP level 6. HP: 27/44 MP: 6/6
  3551 | D:4      | Killed Dowan
  3796 | D:4      | XOM: enchant monster (good)
  3802 | D:4      | Reached skill level 5 in Fighting
  3926 | D:4      | XOM: 6-stop teleportation journey
  4049 | D:4      | XOM: polymorph jelly -> adder
  4157 | D:4      | Gained mutation: You are partially covered in thin metallic
                  | scales. (AC +2) [demonic ancestry]
  4157 | D:4      | Reached XP level 7. HP: 32/51 MP: 7/7
  4162 | D:4      | Reached skill level 6 in Fighting
  4306 | D:4      | XOM: summons 7 friendly demons
  4308 | D:4      | Reached skill level 7 in Fighting
  4512 | D:4      | XOM: god gift: 767 gold pieces
  4714 | D:4      | Found a hazy altar of Hepliaklqana.
  5056 | D:5      | Entered Level 5 of the Dungeon
  5098 | D:5      | Found a staircase to the Ecumenical Temple.
  5414 | D:5      | XOM: potion effect (curing)
  5431 | D:5      | Reached skill level 8 in Fighting
  5431 | D:5      | Reached XP level 8. HP: 24/61 MP: 8/8
  5557 | D:5      | XOM: give mutation
  5557 | D:5      | Lost mutation: You expend magic power (3 MP) to strengthen
                  | your wands. [Xom's mischief]
  5684 | D:5      | You pick up a book of Necromancy and begin reading...
  5684 | D:5      | You add the spells Animate Skeleton and Vampiric Draining
                  | to your library.
  5840 | D:5      | Noticed a hornet
  5840 | D:5      | XOM: enchant monster (good)
  5850 | D:5      | XOM: summons friendly white imp
  5850 | D:5      | Paralysed by a hornet for 2 turns
  5850 | D:5      | HP: 10/62 [hornet (9)]
  5850 | D:5      | Slain by a hornet

Vanquished Creatures
  Duvessa (D:4)
  A black bear (D:4)
  An ice beast (D:5)
  2 ogres (D:4)
  Dowan (D:4)
  2 jellies (D:5)
  3 hounds
  2 orc priests
  4 iguanas (D:4)
  Terence (D:2)
  A gnoll (D:1)
  6 adders
  An ufetubus (D:4)
  5 worms
  A dart slug (D:2)
  9 orcs
  9 ball pythons
  5 bats
  7 endoplasms
  3 giant cockroaches
  8 hobgoblins
  7 kobolds
  2 quokkas (D:1)
  6 frilled lizards
  3 goblins (D:1)
  3 rats
  A spectral orc (D:4)
95 creatures vanquished.

Vanquished Creatures (collateral kills)
  An ogre (D:4)
  A bat (D:2)
  2 endoplasms (D:2)
  A ball python (D:2)
5 creatures vanquished.

Vanquished Creatures (others)
  A plant (D:1)
1 creature vanquished.

Grand Total: 101 creatures vanquished

Table legend:
 A = Non-vault XP
 B = Vault XP
 C = Vault XP percentage of total XP
 D = Non-vault monster count
 E = Vault monster count
 F = Vault count percentage of total count
                 A         B        C        D         E       F
            +---------+---------+-------+---------+---------+-------
      Total |    1241 |     319 |  20.4 |      88 |      12 |  12.0
            +---------+---------+-------+---------+---------+-------
        D:1 |      37 |      15 |  28.8 |      21 |       1 |   4.5
        D:2 |      85 |      36 |  29.8 |      19 |       1 |   5.0
        D:3 |     112 |      10 |   8.2 |      19 |       5 |  20.8
        D:4 |     735 |     215 |  22.6 |      23 |       4 |  14.8
        D:5 |     272 |      43 |  13.7 |       6 |       1 |  14.3
            +---------+---------+-------+---------+---------+-------

Illustrated notes

Table legend:
 A = Kills in this place as a percentage of kills in entire the game.
 B = Kills by you in this place as a percentage of kills by you in the entire game.
 C = Kills by friends in this place as a percentage of kills by friends in the entire game.
 D = Other kills in this place as a percentage of other kills in the entire game.
 E = Experience gained in this place as a percentage of experience gained in the entire game.
 F = Experience gained in this place divided by the number of levels of this place that you have seen.
                   A       B       C       D       E      F
               +-------+-------+-------+-------+-------+----------------------
         Total | 100.0 | 100.0 | 100.0 |   N/A | 100.0 | 312.0
       Dungeon | 100.0 | 100.0 | 100.0 |   N/A | 100.0 | 312.0
               +-------+-------+-------+-------+-------+----------------------

Table legend: (Time is in decaauts)
 A = Elapsed time spent in this place.
 B = Non-inter-level travel time spent in this place.
 C = Inter-level travel time spent in this place.
 D = Time resting spent in this place.
 E = Time spent auto-exploring this place.
 F = Levels seen in this place.
 G = Mean time per level.
                   A        B        C        D        E       F      G
               +--------+--------+--------+--------+--------+-----+--------+
         Total |   5819 |   5758 |     61 |   1610 |   3409 |   5 | 1163.8 |
       Dungeon |   5819 |   5758 |     61 |   1610 |   3409 |   5 | 1163.8 |
               +--------+--------+--------+--------+--------+-----+--------+

Top non-repeatable levels by time:
     D:4: 1523 daAuts
     D:1: 1397 daAuts
     D:3: 1260 daAuts
     D:2: 843 daAuts
     D:5: 795 daAuts
